 Dungeon Crawl Stone Soup version 0.18-a0-1628-g61c6396 (webtiles) character file.

314 abixa the Cudgeler (level 6, -5/62 HPs)
             Began as an Ogre Hunter on Mar 25, 2016.
             Was an Initiate of Okawaru.
             Slain by an ogre
             ... wielding a +0 giant club
              (26 damage)
             ... on level 4 of the Dungeon.
             The game lasted 00:37:25 (3296 turns).

abixa the Cudgeler (Ogre Hunter)                    Turns: 3296, Time: 00:37:26

Health: -5/62      AC:  3    Str: 18    XL:     6   Next: 43%
Magic:  6/6        EV: 10    Int: 12    God:    Okawaru [......]
Gold:   96         SH:  0    Dex: 10    Spells: 0 memorised, 5 levels left

rFire  . . .     SeeInvis .     s - +0 flail
rCold  . . .     Gourm    .     d - +0 robe
rNeg   . . .     Faith    .     (no shield)
rPois  .         Spirit   .     (helmet restricted)
rElec  .         Dismiss  .     (no cloak)
rCorr  .         Reflect  .     (gloves unavailable)
SustAt .         Harm     .     (boots unavailable)
MR     .....                    (no amulet)
Stlth  +.........               (no ring)
                                w - ring of flight

@: not resistant to hostile enchantments, very unstealthy
A: unfitting armour, tough skin 1
a: Renounce Religion, Evoke Flight


You were on level 4 of the Dungeon.
You worshipped Okawaru.
Okawaru was noncommittal.
You were hungry.

You visited 2 branches of the dungeon, and saw 5 of its levels.

You collected 96 gold pieces.

Inventory:

Hand Weapons
 i - a +0 spear
 s - a +0 flail (weapon)
 A - the +5 trident "Fidaown" {pierce, Int+7, unknown}
   (You found it on level 4 of the Dungeon)

   It inflicts extra damage upon your enemies.
   It affects your intelligence (+7).
Missiles
 b - 111 stones (quivered)
 c - 5 large rocks
 j - 10 sling bullets
 u - 5 tomahawks
 y - 2 throwing nets
 z - 6 curare-tipped needles
 B - 8 poisoned needles
Armour
 d - a +0 robe (worn)
Jewellery
 w - a ring of flight (left hand)
Wands
 x - a wand of flame (0/48)
Scrolls
 a - a scroll of magic mapping {unknown}
 h - 5 scrolls of identify {unknown}
 k - 5 scrolls of teleportation {unknown}
 p - a scroll of random uselessness {unknown}
 q - a scroll of fear {unknown}
 t - a scroll of amnesia {unknown}
 v - a scroll of remove curse {unknown}
Potions
 e - a potion of curing {unknown}
 g - a potion of degeneration {unknown}
 l - 2 potions of mutation {unknown}
 m - a potion of heal wounds {unknown}
 n - a potion of magic {unknown}
 o - a potion of invisibility {unknown}
Comestibles
 f - 2 bread rations
 r - 2 beef jerkies
 C - a meat ration


   Skills:
 + Level 4.0 Fighting
 * Level 7.4 Maces & Flails
 - Level 4.1 Throwing
 - Level 1.7 Dodging
 - Level 0.7 Stealth


You had 5 spell levels left.
You didn't know any spells.

Dungeon Overview and Level Annotations

Branches:
Dungeon (4/15)             Temple (1/1) D:4

Altars:
Ashenzari
Cheibriados
Makhleb
Nemelex Xobeh
Okawaru
Pakellas
Ru
Vehumet
Xom
Yredelemnul


Innate Abilities, Weirdness & Mutations

You are too large for most types of armour.
You have tough skin (AC +1).


Message History

Press: ? - help, Shift-Dir - straight line, f/p - ogre
Aim: an ogre, wielding a giant club (lightly wounded)
You throw a stone. The stone hits the ogre.
The ogre is moderately wounded.
Throwing (i - inventory. (,) - cycle):
b - 112 stones (quivered)
Press: ? - help, Shift-Dir - straight line, f/p - ogre
Aim: an ogre, wielding a giant club (moderately wounded)
You throw a stone. The stone barely misses the ogre.
You thump the ogre!
The ogre is severely wounded.
The ogre hits you with a giant club!!
You hit the ogre.
The ogre is almost dead.
The ogre hits you with a giant club!!
You barely miss the ogre.
The ogre is almost dead.
You hit the ogre but do no damage.
The ogre is almost dead.
The ogre hits you with a giant club!!
You die...

.#.# #.# ## ##
#.# .. #.# #(
#.# ####( #.#
S≈(O #.# #..
#.#
#.####(#####.#
#.(....SO@...#
######.#######
... ####


You could see an ogre and an adder.

Vanquished Creatures
  A scorpion (D:4)
  2 crimson imps (D:3)
  An orc priest (D:4)
  An orc wizard (D:3)
  3 adders (D:3)
  An ooze (D:3)
  An adder skeleton (D:4)
  2 worms
  A dart slug (D:3)
  A giant gecko (D:2)
  22 orcs
  10 bats
  5 giant cockroaches
  6 goblins
  7 hobgoblins
  A quokka (D:2)
  A ball python (D:1)
  3 giant newts
  7 kobolds
  7 rats
83 creatures vanquished.

Vanquished Creatures (others)
  An orc (D:3)
1 creature vanquished.

Grand Total: 84 creatures vanquished

Notes
Turn   | Place    | Note
--------------------------------------------------------------
     0 | D:1      | abixa the Ogre Hunter began the quest for the Orb.
     0 | D:1      | Reached XP level 1. HP: 22/22 MP: 1/1
   173 | D:1      | Reached skill level 1 in Maces & Flails
   249 | D:1      | Reached XP level 2. HP: 21/29 MP: 2/2
   406 | D:1      | Reached skill level 2 in Maces & Flails
  1017 | D:2      | Reached skill level 3 in Maces & Flails
  1017 | D:2      | Reached XP level 3. HP: 31/36 MP: 3/3
  1417 | D:3      | Reached skill level 4 in Maces & Flails
  1434 | D:3      | Reached XP level 4. HP: 34/44 MP: 4/4
  1667 | D:3      | Reached skill level 5 in Maces & Flails
  1923 | D:3      | Reached XP level 5. HP: 40/50 MP: 5/5
  2103 | D:3      | Found a burning altar of Makhleb.
  2103 | D:3      | Found a radiant altar of Vehumet.
  2115 | D:3      | Reached skill level 6 in Maces & Flails
  2396 | D:3      | Found a sacrificial altar of Ru.
  2839 | D:4      | Reached XP level 6. HP: 54/61 MP: 6/6
  2946 | D:4      | Reached skill level 7 in Maces & Flails
  2996 | D:4      | Got a crude trident
  3233 | D:4      | Found a staircase to the Ecumenical Temple.
  3239 | Temple   | Entered the Ecumenical Temple
  3247 | Temple   | Became a worshipper of Warmaster Okawaru
  3296 | D:4      | Slain by an ogre

Vault maps used:
D:1:      lightli_molten_gateway
D:3:      grunt_temple_overflow_lords_of_destruction, first_bread,
          nicolae_ru_awakened_eye
D:4:      minmay_temple_entry_hall, portal_sewer_entry_d
Temple:   circular_temple_12

Skill      XL: |  1  2  3  4  5  6 |
---------------+-------------------+-----
Maces & Flails | 1 3 4 5 6 7 |  7.4
Fighting       | 3 4 |  4.0
Throwing       | |  4.1
Dodging        | |  1.7
Stealth        | |  0.7

Action                   |  1- 3 |  4- 6 || total
-------------------------+-------+-------++-------
Melee: Club              |    26 |       ||    26
       Short sword       |    16 |       ||    16
       Mace              |    78 |       ||    78
       Flail             |    17 |   153 ||   170
Throw: Stone             |    11 |    36 ||    47
 Stab: Sleeping          |     1 |       ||     1
  Eat: Chunk             |     2 |     5 ||     7
